 Dungeon Crawl Stone Soup version 0.25.1-2-g60ff931df9 (webtiles) character file.

Game seed: 15307272408628968297

140598 Peloso the Peltast (level 16, -7/147 HPs)
             Began as a Minotaur Fighter on Aug 25, 2020.
             Was a High Priest of Okawaru.
             Killed from afar by a starcursed mass (9 damage)
             ... with an accursed screaming
             ... on level 2 of the Abyss.
             The game lasted 01:32:31 (35663 turns).

Peloso the Peltast (Minotaur Fighter)              Turns: 35663, Time: 01:32:31

Health: -7/147     AC: 30    Str: 26      XL:     16   Next: 76%
Magic:  18/18      EV:  8    Int:  1 (3)  God:    Okawaru [*****.]
Gold:   4088       SH: 29    Dex: 18      Spells: 15/15 levels left

rFire    . . .     SeeInvis .   a - +4 double sword (flame)
rCold    + . .     Gourm    .   c - +0 tower shield
rNeg     . . .     Faith    .   E - +0 crystal plate armour
rPois    .         Spirit   .   O - +0 hat {MR+}
rElec    .         Reflect  +   W - +1 cloak
rCorr    .         Harm     .   y - +1 pair of gloves
MR       ++...                  q - +0 pair of boots
Stlth    ..........             X - amulet of reflection
HPRegen  0.34/turn              t - +6 ring of dexterity
MPRegen  0.16/turn              V - ring of protection from cold

@: no status effects
A: retaliatory headbutt, horns 2, dopey 1
a: Heroism, Finesse, Renounce Religion


You were on level 2 of the Abyss.
You worshipped Okawaru.
Okawaru was extremely pleased with you.
You were near starving.

You visited 5 branches of the dungeon, and saw 27 of its levels.
You visited the Abyss 1 time.
You also visited: Ossuary and Ice Cave.

You collected 4943 gold pieces.
You spent 855 gold pieces at shops.

Inventory:

Hand Weapons
 a - a +4 double sword of flaming (weapon)
 b - a +0 vampiric demon blade
Armour
 c - a +0 tower shield (worn)
 q - a +0 pair of boots (worn)
 y - a +1 pair of gloves (worn)
 A - +0 acid dragon scales
 E - a +0 crystal plate armour (worn)
 H - a +3 plate armour
 O - a +0 hat of magic resistance (worn)
 W - a +1 cloak (worn)
Jewellery
 g - an uncursed amulet of the acrobat
 t - a +6 ring of dexterity (left hand)
 x - an uncursed ring of protection from fire {unknown}
 T - an uncursed ring of protection from magic
 U - an uncursed amulet of regeneration
 V - a ring of protection from cold (right hand)
 X - an amulet of reflection (around neck)
Wands
 n - a wand of flame (34)
 p - a wand of random effects (44)
 z - a wand of polymorph (14)
 R - a wand of digging (3)
Scrolls
 e - 15 scrolls of identify
 j - a scroll of fear
 m - 16 scrolls of remove curse
 o - 5 scrolls of immolation
 r - 6 scrolls of noise
 s - 2 scrolls of enchant armour
 v - 11 scrolls of teleportation
 G - a scroll of fog
 I - 3 scrolls of magic mapping
 L - a scroll of blinking
Potions
 d - 2 potions of might
 h - 6 potions of haste
 i - a potion of flight
 k - 8 potions of heal wounds
 l - 12 potions of curing
 u - 3 potions of brilliance
 w - a potion of mutation
 C - 2 potions of berserk rage
 F - 2 potions of resistance
 P - 2 potions of stabbing
Comestibles
 f - 33 rations


   Skills:
 + Level 14.9 Fighting
   Level 2.2(10.8) Short Blades
 + Level 17.0(17.1) Long Blades
 + Level 15.3 Armour
 + Level 4.8 Dodging
 + Level 1.0 Stealth
 + Level 20.8 Shields
 + Level 4.6 Invocations
 + Level 1.2 Evocations


You had 15 spell levels left.
You didn't know any spells.
Your spell library contained the following spells:

 Spells                   Type           Power        Failure   Level  Hunger
 Animate Skeleton         Necr           N/A          100%        1    ##.....
 Beastly Appendage        Tmut           #.....       100%        1    ##.....
 Freeze                   Ice            #...         100%        1    ##.....
 Magic Dart               Conj           #...         100%        1    ##.....
 Pain                     Necr           #...         100%        1    ##.....
 Shock                    Conj/Air       #...         100%        1    ##.....
 Summon Small Mammal      Summ           #...         100%        1    ##.....
 Blink                    Tloc           N/A          100%        2    ###....
 Call Imp                 Summ           #.......     100%        2    ###....
 Slow                     Hex            #.......     100%        2    ###....
 Sticks to Snakes         Tmut           #.......     100%        2    ###....
 Swiftness                Chrm/Air       #.......     100%        2    ###....
 Call Canine Familiar     Summ           #.......     100%        3    ####...
 Confusing Touch          Hex            #.......     100%        3    ####...
 Conjure Flame            Conj/Fire      #.......     100%        3    ####...
 Frozen Ramparts          Ice            #.....       100%        3    ####...
 Gell's Gravitas          Tloc           #.........   100%        3    ####...
 Ignite Poison            Fire/Tmut/Pois #.......     100%        3    ####...
 Mephitic Cloud           Conj/Pois/Air  #.......     100%        3    ####...
 Ozocubu's Armour         Chrm/Ice       #.......     100%        3    ####...
 Spider Form              Tmut/Pois      #.........   100%        3    ####...
 Static Discharge         Conj/Air       #.......     100%        3    ####...
 Summon Guardian Golem    Hex/Summ       #.......     100%        3    ####...
 Vampiric Draining        Necr           #.........   100%        3    ####...
 Airstrike                Air            #.........   100%        4    #####..
 Animate Dead             Necr           N/A          100%        4    #####..
 Hailstorm                Conj/Ice       #.......     100%        4    #####..
 Ice Form                 Ice/Tmut       #.......     100%        4    #####..
 Petrify                  Tmut/Erth      #.......     100%        4    #####..
 Summon Ice Beast         Ice/Summ       #.......     100%        4    #####..
 Summon Lightning Spire   Summ/Air       #.......     100%        4    #####..
 Agony                    Necr           #.......     100%        5    ######.
 Blade Hands              Tmut           #.........   100%        5    ######.
 Fireball                 Conj/Fire      #.........   100%        5    ######.
 Irradiate                Conj/Tmut      #.........   100%        5    ######.
 Lightning Bolt           Conj/Air       #.........   100%        5    ######.
 Metabolic Englaciation   Hex/Ice        #.........   100%        5    ######.
 Yara's Violent Unravell  Hex/Tmut       #.........   100%        5    ######.
 Hydra Form               Tmut           #.........   100%        6    #######
 Starburst                Conj/Fire      #.........   100%        6    #######
 Statue Form              Tmut/Erth      #........    100%        6    #######
 Dragon Form              Tmut           #.........   100%        7    #######
 Ring of Flames           Chrm/Fire      #.........   100%        7    #######
 Ignition                 Fire           #.........   100%        8    #######


Dungeon Overview and Level Annotations

Branches:
Dungeon (15/15)            Temple (1/1) D:7            Lair (6/6) D:9
 Shoals (0/4) Lair:3        Snake (3/4) Lair:4        Slime (0/5) Lair:6
    Orc (2/2) D:9             Elf (0/3) Orc:2        Vaults (0/5) D:14
 Depths (0/5) D:15        Ossuary (visited)           IceCv (visited)

Altars:
Ashenzari
Cheibriados
Dithmenos
Elyvilon
Fedhas
Gozag
Hepliaklqana
Kikubaaqudgha
Makhleb
Okawaru
Qazlal
Sif Muna
Vehumet
Wu Jian
Xom
Yredelemnul
Zin
The Shining One
Beogh
Jiyva

Shops:
D:5 *   D:7 !   D:8 ?   D:10 *   Orc:1 !   Orc:2 %===}

Annotations:
D:3 3 runed translucent doors, kikerikii's ghost, amateur HaAK


Innate Abilities, Weirdness & Mutations

You reflexively headbutt those who attack you in melee.
You have a pair of horns on your head.
You are dopey. (Int -2)


Message History

You destroy the starcursed mass!
Okawaru accepts your kill. You block the starcursed mass's attack.
Unknown command.
You slice the quasit!! You burn the quasit.
You kill the quasit!
The insubstantial wisp blinks!
A chorus of shrieks assaults your mind.
* * * LOW HITPOINT WARNING * * *
Unknown command.
The neqoxec gestures at you.
Something tries to feed on your intellect!
You block the ufetubus's attack. The ufetubus barely misses you.
Unknown command.
The ynoxinul gestures.
There is a gateway leading deeper into the Abyss here.
Unknown command.
You block the ufetubus's attack. x2; The insubstantial wisp blinks!
A chorus of shrieks assaults your mind.
You die...

### #.. ## #.. #.#
#.. . # ###.## #.#
# .....##.@## ..#.
# ##..#..#X##.
#..#
#.....X#5§X.#...v
#......#..X5v.#.§#
....#..#.3355..v.#
#.###.#.##.5#.....
. #..#.#5.##..#. .
#.. #...# .## ..
#...##..# #


You could see 4 starcursed masses, a neqoxec, a ynoxinul, 2 insubstantial wisps,
an iron imp (summoned) and 5 ufetubi.

Vanquished Creatures
  Rupert (Lair:5)
  Gastronok (Lair:2)
  Roxanne (Snake:2)
  Louise (D:14)
  An orc warlord (Orc:1)
  A stone giant (Orc:1)
  Azrael (D:15)
  A yaktaur captain (D:10)
  Josephine (Orc:1)
  A fire dragon (Lair:6)
  5 vault guards (D:14)
  Erolcha (D:10)
  A catoblepas (D:14)
  5 hydras
  3 naga warriors (Snake:1)
  4 anacondas
  2 deep troll earth magi (D:10)
  4 centaur warriors
  12 two-headed ogres
  A tengu warrior (D:14)
  7 death yaks
  3 ogre magi
  Urug (Lair:3)
  3 shock serpents (Snake:2)
  Nergalle (Lair:4)
  2 naga sharpshooters
  Sonja (Lair:2)
  3 deep trolls
  A deep elf archer (D:14)
  2 unseen horrors
  3 wizards
  A swamp dragon (Lair:6)
  2 naga ritualists
  A harpy (shapeshifter) (D:10)
  4 necromancers
  An orc knight (Orc:1)
  8 mana vipers
  7 cyclopes
  3 deep elf magi
  3 salamanders
  6 ugly things (D:15)
  A wolf spider (Lair:6)
  2 orc sorcerers
  A manticore (Lair:3)
  3 guardian serpents
  30 black mambas
  Maurice (D:11)
  Joseph (D:8)
  5 naga magi
  17 spiny frogs
  16 elephants
  2 ice statues (IceCv)
  2 centaur skeletons (D:15)
  A torpor snail (Lair:6)
  3 rime drakes
  A gargoyle (D:14)
  A kobold demonologist (D:15)
  A freezing wraith (D:14)
  8 komodo dragons
  9 ice devils (IceCv)
  An efreet (D:14)
  Maggie (D:10)
  A hellwing (Abyss:2)
  An ancient zyme (Abyss:2)
  8 trolls
  A harpy zombie (D:14)
  A tengu conjurer (D:14)
  3 hornets
  3 polar bears
  8 blink frogs
  4 dream sheep (Lair:6)
  7 hippogriffs
  An ettin zombie (Abyss:2)
  54 yaks
  3 vampires
  4 redbacks (Lair:6)
  6 wraiths
  A shadow (Abyss:2)
  14 wyverns
  Eustachio (D:5)
  5 basilisks
  A fire elemental (D:15)
  2 humans (D:14)
  3 hungry ghosts
  A neqoxec (Abyss:2)
  5 steam dragons
  6 vampire mosquitoes (D:15)
  13 nagas
  2 wargs (Orc:2)
  A soldier ant (D:10)
  An acid dragon (Lair:6)
  A large abomination (Abyss:2)
  5 porcupines
  4 hell hounds (D:15)
  28 water moccasins
  3 sky beasts
  22 orc warriors
  An eye of draining (shapeshifter) (D:15)
  5 ice beasts
  7 black bears
  An elephant zombie (Lair:3)
  A swamp drake (Lair:6)
  6 phantoms
  10 centaurs
  7 wolves
  25 ogres
  14 crocodiles
  A big kobold (D:8)
  A small abomination (Abyss:2)
  19 bullfrogs
  A gnoll sergeant (Orc:2)
  A wyvern zombie (D:14)
  3 scorpions
  7 wights
  5 electric eels
  4 howler monkeys
  9 crimson imps
  3 centaur zombies
  A lava snake (D:9)
  A quasit (D:8)
  5 starcursed masses (Abyss:2)
  A bullfrog zombie (D:7)
  7 jellies
  A draconian simulacrum (IceCv)
  25 orc wizards
  16 orc priests
  4 hounds
  2 bullfrog skeletons
  A gnoll shaman (D:8)
  Natasha (D:2)
  3 iguanas
  10 worker ants
  5 hell rats (Lair:5)
  4 troll simulacra (IceCv)
  2 big kobold zombies (Ossuary)
  A crocodile zombie (Lair:3)
  A centaur simulacrum (IceCv)
  A hound skeleton (D:11)
  6 mummies (Ossuary)
  A worker ant zombie (D:6)
  12 gnolls
  A howler monkey skeleton (D:4)
  11 adders
  3 naga simulacra (IceCv)
  An ogre simulacrum (IceCv)
  2 shadow imps
  13 white imps
  3 ufetubi (D:10)
  2 oozes
  A worm (D:3)
  A dart slug (D:3)
  8 leopard geckos
  75 orcs
  8 bats
  7 giant cockroaches
  8 goblins
  4 hobgoblins
  7 jackals
  9 quokkas
  2 ball pythons
  6 frilled lizards
  5 hobgoblin zombies (Ossuary)
  7 kobolds
  2 leopard gecko skeletons
  A leopard gecko zombie (D:5)
  A quokka simulacrum (D:10)
  A quokka skeleton (D:5)
  9 rats
  A fungus (Lair:6)
  A plant (Lair:1)
884 creatures vanquished.

Vanquished Creatures (others)
  2 yaks (Lair:5)
  An eye of draining (D:14)
  A bullfrog (Lair:5)
  4 bushes (Lair:5)
  21 fungi
  42 plants
71 creatures vanquished.

Grand Total: 955 creatures vanquished

Notes
Turn   | Place    | Note
-------+----------+-------------------------------------------
     0 | D:1      | Peloso the Minotaur Fighter began the quest for the Orb.
     0 | D:1      | Reached XP level 1. HP: 19/19 MP: 0/0
   163 | D:1      | Reached XP level 2. HP: 26/27 MP: 1/1
   313 | D:1      | Reached skill level 4 in Shields
   669 | D:1      | Reached XP level 3. HP: 34/34 MP: 2/2
   963 | D:2      | Noticed Natasha
   978 | D:2      | Killed Natasha
  1059 | D:2      | Reached XP level 4. HP: 32/41 MP: 3/3
  1483 | D:2      | Reached XP level 5. HP: 47/47 MP: 4/4
  1490 | D:2      | Reached skill level 5 in Shields
  1960 | D:3      | Found a runed translucent gate.
  1961 | D:3      | Found a runed translucent gate.
  1962 | D:3      | Found a runed translucent gate.
  1962 | D:3      | Noticed kikerikii's ghost (amateur HaAK)
  1963 | D:3      | Identified the +9 whip of Yredelemnul's Wrath {chaos, rF+
                  | MP+9 Str-2}
  2550 | D:3      | Reached XP level 6. HP: 55/55 MP: 5/5
  3154 | D:4      | Reached skill level 5 in Long Blades
  3154 | D:4      | Reached skill level 6 in Shields
  3455 | D:4      | Reached skill level 5 in Fighting
  3566 | D:5      | Entered Level 5 of the Dungeon
  3580 | D:5      | Found Picleexy's General Store.
  3585 | D:5      | Reached skill level 1 in Dodging
  3600 | D:5      | Bought a potion of curing for 39 gold pieces
  3600 | D:5      | Bought a scroll of noise for 13 gold pieces
  3825 | D:5      | Reached XP level 7. HP: 58/61 MP: 6/6
  3875 | D:5      | Noticed Eustachio
  3894 | D:5      | Killed Eustachio
  3894 | D:5      | Reached skill level 5 in Armour
  4124 | D:5      | Found a glowing golden altar of the Shining One.
  4316 | D:6      | Found a snail-covered altar of Cheibriados.
  4355 | D:6      | Reached skill level 7 in Shields
  4375 | D:5      | Reached XP level 8. HP: 49/69 MP: 7/7
  4696 | D:6      | Reached skill level 8 in Shields
  5470 | D:7      | Reached XP level 9. HP: 54/78 MP: 8/8
  5651 | D:7      | Reached skill level 9 in Shields
  5878 | D:7      | Found a staircase to the Ecumenical Temple.
  5889 | Temple   | Entered the Ecumenical Temple
  5927 | Temple   | Became a worshipper of Warmaster Okawaru
  6072 | D:7      | Found Timea's Distillery.
  6092 | D:7      | Bought a potion of mutation for 96 gold pieces
  6092 | D:7      | Bought a potion of might for 48 gold pieces
  6092 | D:7      | Bought a potion of degeneration for 12 gold pieces
  6340 | D:8      | Found a sand-covered staircase.
  6356 | Ossuary  | Entered an ossuary
  6573 | D:8      | Noticed Joseph
  6591 | D:8      | Killed Joseph
  6591 | D:8      | Reached * piety under Okawaru
  6591 | D:8      | Reached skill level 10 in Long Blades
  6600 | D:8      | Found Bur Bohu's Magic Scroll Boutique.
  6642 | D:8      | Bought a scroll of blinking for 97 gold pieces
  6642 | D:8      | Bought 3 scrolls of identify for 78 gold pieces
  6903 | D:8      | Reached ** piety under Okawaru
  7048 | D:8      | Reached XP level 10. HP: 74/88 MP: 9/9
  7130 | D:8      | Found a shattered altar of Ashenzari.
  7135 | D:8      | Found an opulent altar of Gozag.
  7135 | D:8      | Found a hazy altar of Hepliaklqana.
  7137 | D:8      | Found a burning altar of Makhleb.
  7138 | D:8      | Found a blossoming altar of Fedhas.
  7199 | D:8      | Reached skill level 10 in Shields
  7646 | D:9      | Noticed a two-headed ogre
  7664 | D:9      | Killed a two-headed ogre
  7664 | D:9      | Reached *** piety under Okawaru
  7729 | D:9      | Reached skill level 11 in Shields
  8039 | D:9      | Found a staircase to the Lair.
  8529 | D:9      | Found a staircase to the Orcish Mines.
  8539 | D:9      | Found a roughly hewn altar of Beogh.
  8990 | D:10     | Entered Level 10 of the Dungeon
  9052 | D:10     | Found Onox's Island Escapes.
  9154 | D:10     | Reached **** piety under Okawaru
  9206 | D:10     | Noticed a death yak
  9254 | D:9      | Killed a death yak
  9254 | D:9      | Received a gift from Okawaru
  9254 | D:9      | Reached XP level 11. HP: 89/95 MP: 8/10
  9442 | D:10     | Found the +10 Black Knight's horse barding {ponderous,
                  | rPois rN+}
  9523 | D:10     | Reached skill level 1 in Invocations
  9570 | D:10     | Reached skill level 12 in Shields
  9578 | D:10     | Noticed a harpy
  9578 | D:10     | a blink frog changed into a harpy
  9591 | D:10     | Killed a harpy
  9766 | D:10     | Reached skill level 10 in Armour
 10056 | D:10     | Noticed Maggie
 10072 | D:10     | Killed Maggie
 10168 | D:10     | Killed an unseen horror
 10386 | D:10     | Noticed a two-headed ogre
 10393 | D:10     | Killed a two-headed ogre
 10393 | D:10     | Reached ***** piety under Okawaru
 10452 | D:10     | Noticed a deep troll earth mage
 10470 | D:10     | Killed a deep troll earth mage
 10471 | D:10     | Noticed a yaktaur captain
 10484 | D:10     | Noticed a deep troll
 10486 | D:10     | Killed a yaktaur captain
 10495 | D:10     | Killed a deep troll
 10495 | D:10     | Reached skill level 13 in Shields
 10750 | D:10     | Noticed a deep troll earth mage
 10750 | D:10     | Noticed a necromancer
 10771 | D:10     | Killed a deep troll earth mage
 10793 | D:10     | Killed a necromancer
 10793 | D:10     | Received a gift from Okawaru
 11117 | D:10     | Noticed Erolcha
 11169 | D:10     | Killed Erolcha
 11460 | D:11     | Reached XP level 12. HP: 106/106 MP: 10/13
 11566 | D:11     | Noticed Maurice
 11570 | D:11     | Killed Maurice
 11698 | D:11     | You fall into a shaft and drop 3 floors!
 11702 | D:14     | Noticed a catoblepas
 11702 | D:14     | Noticed a tengu warrior
 11708 | D:14     | You fall into a shaft and drop 1 floor!
 11708 | D:15     | Entered Level 15 of the Dungeon
 11755 | D:15     | Reached skill level 10 in Fighting
 12050 | D:15     | Received a gift from Okawaru
 12075 | D:15     | Got an ancient chain mail {god gift}
 12086 | D:15     | Identified the +0 chain mail of Ariepas {rCorr} (Okawaru
                  | gifted it to you on level 15 of the Dungeon)
 12196 | D:15     | Noticed a six-headed hydra
 12214 | D:15     | Killed a six-headed hydra
 12314 | D:15     | Noticed a centaur warrior
 12322 | D:15     | Killed a centaur warrior
 12322 | D:15     | Reached skill level 14 in Shields
 12433 | D:15     | Reached skill level 1 in Short Blades
 12550 | D:15     | Noticed a centaur warrior
 12558 | D:15     | Killed a centaur warrior
 12759 | D:14     | Noticed a centaur warrior
 12768 | D:14     | Killed a centaur warrior
 12821 | D:14     | Killed a catoblepas
 12864 | D:14     | Noticed a four-headed hydra
 12878 | D:14     | Killed a one-headed hydra
 13063 | D:13     | Noticed a centaur warrior
 13071 | D:13     | Killed a centaur warrior
 13080 | D:13     | Reached XP level 13. HP: 102/114 MP: 14/14
 13137 | D:13     | Received a gift from Okawaru
 13768 | Lair:1   | Entered Level 1 of the Lair of Beasts
 14960 | Lair:2   | Reached skill level 15 in Shields
 14992 | Lair:2   | Noticed Sonja
 15000 | Lair:2   | Killed Sonja
 15059 | Lair:2   | Noticed Gastronok
 15071 | Lair:2   | Killed Gastronok
 15071 | Lair:2   | Received a gift from Okawaru
 15071 | Lair:2   | Reached skill level 1 in Evocations
 15292 | Lair:2   | You fall into a shaft and drop 1 floor!
 15292 | Lair:3   | Noticed Urug
 15300 | Lair:3   | Killed Urug
 15328 | Lair:3   | Reached ****** piety under Okawaru
 15857 | Lair:3   | Received a gift from Okawaru
 15921 | Lair:3   | Found a staircase to the Shoals.
 17625 | Lair:1   | Identified a scroll of acquirement
 17779 | Orc:1    | Entered Level 1 of the Orcish Mines
 17782 | Orc:1    | Noticed a stone giant
 17785 | Orc:1    | Found a roughly hewn altar of Beogh.
 17788 | Orc:1    | Killed a stone giant
 17795 | Orc:1    | Found a frozen archway.
 17836 | IceCv    | Entered an ice cave
 18047 | IceCv    | Reached skill level 16 in Shields
 18052 | IceCv    | Acquired 730 gold pieces
 18058 | IceCv    | Acquired 440 gold pieces
 18840 | Orc:1    | Noticed Josephine
 18866 | Orc:1    | Killed Josephine
 18866 | Orc:1    | Reached XP level 14. HP: 48/125 MP: 16/16
 19217 | Orc:1    | Found a roughly hewn altar of Beogh.
 19227 | Orc:1    | Noticed an orc warlord
 19248 | Orc:1    | Killed an orc warlord
 19502 | Orc:2    | Entered Level 2 of the Orcish Mines
 19502 | Orc:2    | Found Kexag's Gadget Shoppe.
 20806 | Orc:2    | Reached skill level 15 in Long Blades
 20846 | Orc:2    | Reached skill level 17 in Shields
 20870 | Orc:2    | Received a gift from Okawaru
 20920 | Orc:2    | Found Niri's Jewellery Boutique.
 20938 | Orc:2    | Found Beoteile's Jewellery Shop.
 20941 | Orc:2    | Found Wuumeezu's Jewellery Emporium.
 20953 | Orc:2    | Bought a cursed ring of attention for 72 gold pieces
 21255 | Orc:2    | Found Hotab's Food Shop.
 21349 | Orc:2    | Found a staircase to the Elven Halls.
 21780 | Orc:1    | Found Oxotzug's Distillery.
 21783 | Orc:1    | Bought 2 potions of resistance for 320 gold pieces
 21783 | Orc:1    | Bought a potion of heal wounds for 80 gold pieces
 22206 | D:12     | You fall into a shaft and drop 3 floors!
 22413 | D:15     | Found a staircase to the Depths.
 22478 | D:15     | Received a gift from Okawaru
 22759 | D:15     | Noticed Azrael
 22778 | D:15     | Killed Azrael
 23317 | D:14     | Reached XP level 15. HP: 46/135 MP: 17/17
 23648 | D:14     | Noticed Louise
 23709 | D:14     | Killed Louise
 25618 | D:14     | Found a gate to the Vaults.
 25631 | D:14     | Reached skill level 18 in Shields
 26154 | Lair:4   | Found a staircase to the Snake Pit.
 26378 | Lair:4   | Received a gift from Okawaru
 26470 | Lair:4   | Acquired 1280 gold pieces
 26604 | Lair:4   | Noticed Nergalle
 26619 | Lair:4   | Killed Nergalle
 26834 | Lair:4   | Found an ancient bone altar of Kikubaaqudgha.
 27417 | Lair:6   | Entered Level 6 of the Lair of Beasts
 27417 | Lair:6   | Noticed Rupert
 27435 | Lair:5   | Paralysed by Rupert for 4 turns
 27441 | Lair:5   | Killed Rupert
 27569 | Lair:5   | Reached skill level 19 in Shields
 29157 | Lair:6   | Received a gift from Okawaru
 29545 | Lair:6   | Reached XP level 16. HP: 80/146 MP: 18/18
 29786 | Lair:6   | Found a staircase to the Slime Pits.
 29965 | Lair:6   | Found a viscous altar of Jiyva.
 31168 | Snake:1  | Entered Level 1 of the Snake Pit
 31324 | Snake:1  | Received a gift from Okawaru
 31904 | Snake:1  | Reached skill level 1 in Stealth
 31925 | Snake:1  | Reached skill level 20 in Shields
 32755 | Snake:2  | Reached skill level 15 in Armour
 33801 | Snake:2  | Found a basalt altar of Yredelemnul.
 33809 | Snake:2  | Identified Roxanne's Volume of Changing
 33809 | Snake:2  | Noticed Roxanne
 33832 | Snake:2  | Killed Roxanne
 35464 | Snake:3  | Cast into level 2 of the Abyss (naga mage)
 35466 | Abyss:2  | Found a corrupted altar of Lugonu.
 35643 | Abyss:2  | Gained mutation: You are dopey. (Int -2) [a neqoxec]
 35647 | Abyss:2  | Paralysed by accursed screaming for 1 turns
 35660 | Abyss:2  | HP: 1/147 [starcursed mass/accursed screaming (10)]
 35663 | Abyss:2  | Killed from afar by a starcursed mass

Illustrated notes

Levels and vault maps discovered:
D:1:      minmay_arrival_open_corners, layout_basic, minmay_tetromino_i2
D:2:      layout_basic, grunt_ministairs_13, uniq_natasha
D:3:      layout_loops_corners, gammafunk_ghost_nasty_kobolds
D:4:      layout_loops_ring, first_ration
D:5:      layout_gridville, kennysheep_little_box, serial_shops, shop_fountains,
          nicolae_underground_beach, uniq_eustachio
D:6:      layout_cave_pools, lemuel_crystal_altar, minmay_alternating_orb
D:7:      layout_loops_corners, temple_statues, serial_shops, nicolae_shop_trees
D:8:      minmay_evil_eye, layout_loops_cross, minitemple,
          nicolae_ossuary_entry_ruins, serial_shops, shop_statue, uniq_joseph
D:9:      layout_basic, grunt_lair_entry_orc_guard_hut,
          minmay_orc_entry_temple_small, grunt_ogre_cave, kennysheep_minor_cross
D:10:     minmay_sliced_demisemicircle, layout_cave_pools, serial_ice,
          serial_ice_h, serial_ice_d, serial_ice_f, serial_ice_o, serial_ice_g,
          serial_ice_m, serial_ice_n, minivault_14,
          chequers_serial_rivers_small_a, nicolae_island_escapes, uniq_erolcha,
          uniq_maggie
D:11:     layout_roguey, uniq_maurice
D:12:     layout_layer_cave
D:13:     layout_basic, chequers_big_river, chequers_jeans
D:14:     layout_roguey, grunt_vaults_entry_fortified,
          roderic_lattice_octagonal_star, lemuel_flamethrower_3, uniq_louise
D:15:     grunt_enter_depths_magical_seal, layout_irregular_city,
          minmay_stone_trees_medium, uniq_azrael
Temple:   regret_index_temple_waves
Lair:1:   layout_regular_city
Lair:2:   layout_cave_pods, uniq_sonja, uniq_gastronok
Lair:3:   pond_and_an_island_with_a_cottage, layout_regular_city,
          minmay_shoals_entry_beasts, uniq_urug
Lair:4:   layout_gridlike, minmay_snake_entry_six_corridors, basic_altar,
          serial_bayou_shore_a, uniq_nergalle
Lair:5:   layout_misc_corridors, wad_woods_06
Lair:6:   guppyfry_lair_end_dragon, layout_misc_corridors,
          hangedman_lair_tendril_chambers, slime_altar_1, serial_rivers,
          chequers_serial_rivers_large_a, chequers_serial_rivers_micro_b,
          chequers_serial_rivers_micro_a, chequers_serial_rivers_small_a,
          uniq_rupert
Snake:1:  layout_layer_cave
Snake:2:  layout_misc_corridors, basic_altar, special_room, st_stairs_10,
          uniq_roxanne
Snake:3:  layout_chambers, serial_shops, shop, grunt_ministairs_14,
          nicolae_coiled_stairwell_up
Orc:1:    nicolae_orc_accident_2, layout_diamond_mine,
          portal_ice_cave_entry_imps, serial_shops, nicolae_shop_crystal,
          basic_altar, uniq_josephine
Orc:2:    st_orc_open, layout_caves, serial_shops,
          nicolae_shop_competitors_out_of_business
Abyss:2:  base: Orc:1, guppyfry_abyss_exit_imp_island,
          hangedman_classic_abyss_death

Skill      XL: |  1  2  3  4  5  6  7  8  9 10 11 12 13 14 15 16 |
---------------+-------------------------------------------------+-----
Fighting       | 4 5 6 7 8 9 10 11 13 14 | 14.9
Shields        | 4 5 6 7 8 9 11 13 14 16 17 19 20 | 20.8
Armour         | 4 5 6 7 9 10 11 13 14 15 | 15.3
Long Blades    | 3 4 5 6 8 10 11 12 13 14 15 16 17 | 17.0
Dodging        | 1 2 3 4 |  4.8
Invocations    | 2 3 4 |  4.6
Short Blades   | 2 |  2.2
Evocations     | 1 |  1.2
Stealth        | 1 |  1.0

Action                   |  1- 3 |  4- 6 |  7- 9 | 10-12 | 13-15 | 16-18 || total
-------------------------+-------+-------+-------+-------+-------+-------++-------
Melee: Long sword        |    63 |   205 |   492 |   748 |       |       ||  1508
       Headbutt          |     8 |    38 |   110 |   200 |   384 |   152 ||   892
       Scimitar          |       |       |       |    71 |  1290 |       ||  1361
       Short sword       |       |       |       |     5 |       |       ||     5
       Double sword      |       |       |       |       |   154 |   471 ||   625
Invok: Heroism           |       |       |       |    25 |    30 |       ||    55
       Finesse           |       |       |       |     3 |       |       ||     3
Evoke: Wand              |       |       |     1 |     5 |     8 |       ||    14
  Use: Scroll            |       |       |    17 |     9 |    15 |     2 ||    43
       Potion            |       |       |       |     3 |     2 |     3 ||     8
 Stab: Paralysed         |       |       |       |       |     1 |       ||     1
  Eat: Chunk             |     1 |     9 |    11 |    15 |    49 |    11 ||    96
       Ration            |       |       |       |     2 |     1 |     2 ||     5
Armor: Scale mail        |    33 |     9 |       |       |       |       ||    42
       Chain mail        |       |    88 |   137 |       |       |       ||   225
       Plate armour      |       |       |   106 |   358 |   415 |    34 ||   913
       Crystal plate arm |       |       |       |       |       |    94 ||    94
Dodge: Dodged            |    34 |    49 |   109 |   155 |   274 |    49 ||   670
       Repelled          |       |       |       |     3 |       |       ||     3
Block: Kite shield       |    48 |   125 |   303 |   563 |   807 |       ||  1846
       Reflection        |       |       |       |    29 |    54 |    50 ||   133
       Tower shield      |       |       |       |       |   724 |   585 ||  1309
       Rpst.: Long sword |     6 |    11 |    33 |    34 |       |       ||    84
       Scimitar          |       |       |       |     3 |    59 |       ||    62
       Double sword      |       |       |       |       |     3 |     7 ||    10
